 Dungeon Crawl Stone Soup version 0.27.1-33-g824d729ab1 (webtiles) character file.

Game seed: 5103865678400292040

6456 Dragonemperor the Blocker (level 10, -7/84 HPs)
             Began as a Demigod Fighter on Dec 4, 2021.
             Shot with an arrow by a centaur warrior (13 damage)
             ... on level 9 of the Dungeon.
             The game lasted 00:32:29 (7800 turns).

Dragonemperor the Blocker (Demigod Fighter)         Turns: 7800, Time: 00:32:29

Health: -7/84      AC: 13    Str: 25    XL:     10   Next: 40%
Magic:  13/13      EV:  8    Int: 16    God:
Gold:   553        SH: 12    Dex: 17    Spells: 9/9 levels left

rFire    . . .     SeeInvis .   z - +1 war axe (vorpal)
rCold    . . .     Faith    .   c - +0 kite shield
rNeg     . . .     Spirit   .   b - +0 scale mail
rPois    .         Reflect  .   r - +0 helmet
rElec    .         Harm     .   l - +2 cloak
rCorr    +         Rampage  .   (no gloves)
Will     +....                  m - +0 pair of boots
Stlth    ..........             v - amulet of regeneration
HPRegen  1.24/turn              d - +6 ring of intelligence
MPRegen  0.13/turn              p - ring of resist corrosion

@: no status effects
A: high mp 1, forlorn
a: no special abilities


You were on level 9 of the Dungeon.
You visited 2 branches of the dungeon, and saw 10 of its levels.

You collected 553 gold pieces.

Inventory:

Hand Weapons
 z - a +1 vorpal war axe (weapon)
 D - a +1 dire flail
 E - a +3 trident
Missiles
 F - 4 throwing nets
Armour
 b - a +0 scale mail (worn)
 c - a +0 kite shield (worn)
 l - a +2 cloak (worn)
 m - a +0 pair of boots (worn)
 r - a +0 helmet (worn)
Jewellery
 d - a +6 ring of intelligence (left hand)
 p - a ring of resist corrosion (right hand)
 v - an amulet of regeneration (around neck)
Wands
 a - a wand of paralysis (5) (quivered)
 s - a wand of flame (25)
 w - a wand of iceblast (12)
 A - a wand of digging (6)
Scrolls
 i - a scroll of silence
 q - a scroll of fog
 t - a scroll of noise
 y - a scroll of blinking
 C - 2 scrolls of teleportation
Potions
 e - 5 potions of brilliance
 f - a potion of attraction
 g - 2 potions of lignification
 h - 4 potions of flight
 j - a potion of might
 k - a potion of degeneration {unknown}
 n - a potion of haste {unknown}
 o - 4 potions of curing
 u - a potion of cancellation {unknown}
 x - 2 potions of heal wounds


   Skills:
 + Level 6.6 Fighting
 * Level 8.9 Axes
 + Level 6.7 Armour
 * Level 9.1 Shields


You had 9 spell levels left.
You didn't know any spells.
Your spell library contained the following spells:

 Spells                   Type           Power      Damage    Failure   Level
 Sandblast                Erth           0%         2d4       75%         1
 Summon Small Mammal      Summ           0%         N/A       75%         1
 Blink                    Tloc           N/A        N/A       87%         2
 Corpse Rot               Necr/Air       N/A        N/A       87%         2
 Passwall                 Tmut/Erth      0%         N/A       87%         2
 Poisonous Vapours        Pois/Air       0%         N/A       87%         2
 Call Canine Familiar     Summ           0%         N/A       98%         3
 Lesser Beckoning         Tloc           0%         N/A       98%         3
 Ozocubu's Armour         Ice            0%         N/A       98%         3
 Summon Guardian Golem    Hex/Summ       0%         N/A       98%         3
 Alistair's Intoxication  Tmut/Pois      0%         N/A       100%        5
 Borgnjor's Vile Clutch   Necr/Erth      0%         N/A       100%        5
 Freezing Cloud           Conj/Ice/Air   0%         6-21      100%        5
 Lee's Rapid Deconstruct  Erth           0%         3d5*      100%        5
 Manifold Assault         Tloc           0%         N/A       100%        5
 Eringya's Noxious Bog    Tmut/Pois      0%         N/A       100%        6
 Ozocubu's Refrigeration  Ice            0%         4d5       100%        7


Dungeon Overview and Level Annotations

Branches:
Dungeon (9/15)             Temple (1/1) D:7
   Lair: D:8-11         Orc: D:9-12

Shops:
D:2 **:


Innate Abilities, Weirdness & Mutations

Your attributes grow dramatically as you level up.
You have an increased reservoir of magic. (+10% MP)
You shall have no god before yourself.


Message History

The centaur warrior easily resists.
The centaur warrior shoots an arrow.
You block the arrow.
The centaur warrior shoots an arrow.
The arrow hits you!
Aiming: Paralyse
Press: ? - help, Q - select action, (/) - cycle Shift-Dir - straight line, f/p - centaur warrior
Aim: a centaur warrior, wielding a +0 shortbow and quivering arrows (chance to affect: 28%)
The centaur warrior easily resists.
The centaur wields a +0 shortbow.
The centaur shoots an arrow.
The arrow hits you.
The centaur warrior shoots an arrow.
The arrow hits you.
Aiming: Paralyse
Press: ? - help, Q - select action, (/) - cycle Shift-Dir - straight line, f/p - centaur warrior
Aim: a centaur warrior, wielding a +0 shortbow and quivering arrows (chance to affect: 28%)
The centaur warrior easily resists.
The centaur warrior shoots an arrow.
The arrow hits you!
The centaur shoots an arrow.
You block the arrow.
The centaur warrior shoots an arrow.
The arrow hits you.
Aiming: Paralyse
Press: ? - help, Q - select action, (/) - cycle Shift-Dir - straight line, f/p - centaur warrior
Aim: a centaur warrior, wielding a +0 shortbow and quivering arrows (chance to affect: 28%)
The centaur warrior easily resists.
The centaur warrior shoots an arrow.
The arrow hits you!
You slash the centaur!
The centaur is heavily wounded.
The centaur unwields a +0 shortbow.
The centaur closely misses you. You block the centaur's attack.
The centaur warrior shoots an arrow.
You block the arrow.
The centaur warrior shoots an arrow.
The arrow barely misses you.
The centaur hits you but does no damage.
The centaur kicks you but does no damage.
You slash the centaur!
You kill the centaur!
The centaur warrior shoots an arrow.
The arrow hits you!
The centaur warrior shoots an arrow.
You block the arrow.
The centaur warrior shoots an arrow.
You block the arrow.
The centaur warrior shoots an arrow.
The arrow hits you!!
* * * LOW HITPOINT WARNING * * *
The centaur warrior shoots an arrow.
The arrow hits you!
* * * LOW HITPOINT WARNING * * *
The centaur warrior shoots an arrow.
The arrow hits you!
You die...

...............##
#................#
##.................
#........?...c.....
...........)....)..
#.................
#.(...............
#................#
#>.....@.........#
#..
##..............##
#..#
#...>..........#
.#..#
#...<........=##
...#
###...##########
#..## ###...###
....####....##
.##..#....###
.........##


You could see a centaur warrior.

Vanquished Creatures
  A boulder beetle (D:8)
  Harold (D:8)
  Maurice (D:8)
  Psyche (D:8)
  A hornet (D:6)
  3 yaks (D:8)
  3 steam dragons
  An acid dragon (D:8)
  2 ice beasts
  A sky beast (D:6)
  4 necrophages
  3 orc warriors
  An ogre (D:5)
  4 centaurs
  3 phantoms
  Blork the orc (D:5)
  A wyvern zombie (D:8)
  A scorpion (D:5)
  2 water moccasin skeletons
  13 wights
  5 centaur zombies
  3 bullfrog zombies
  2 jellies
  A human zombie (D:8)
  3 hounds
  3 orc priests
  A centaur skeleton (D:7)
  An iguana (D:5)
  Terence (D:2)
  5 orc wizards
  3 mummies
  4 howler monkey zombies (D:8)
  Robin (D:3)
  A gnoll (D:1)
  8 adders
  A shadow imp (D:6)
  A white imp (D:8)
  2 worms
  An adder skeleton (D:4)
  3 dart slugs
  22 orcs
  3 ball pythons
  4 endoplasms
  3 giant cockroaches
  12 hobgoblins
  3 jackals
  7 kobolds
  4 quokkas
  6 bats
  3 frilled lizards
  20 goblins
  2 goblin skeletons (D:6)
  3 hobgoblin zombies (D:6)
  A jackal skeleton (D:4)
  A kobold skeleton (D:6)
  3 kobold zombies (D:6)
  An orc zombie (D:6)
  A quokka skeleton (D:4)
  4 rats
201 creatures vanquished.

Vanquished Creatures (others)
  6 plants (D:4)
6 creatures vanquished.

Grand Total: 207 creatures vanquished

Notes
Turn   | Place    | Note
-------+----------+-------------------------------------------
     0 | D:1      | Dragonemperor the Demigod Fighter began the quest for the
                  | Orb.
     0 | D:1      | Reached XP level 1. HP: 18/18 MP: 3/3
   356 | D:1      | Reached XP level 2. HP: 21/25 MP: 4/4
   483 | D:1      | Reached skill level 3 in Shields
   822 | D:1      | Reached XP level 3. HP: 30/31 MP: 5/5
  1565 | D:2      | Found Gapeeliz's General Store.
  1669 | D:2      | Found Tanesicy's Book Shoppe.
  1737 | D:2      | Found Veysaruu's General Store.
  1849 | D:2      | Noticed Terence
  1863 | D:2      | Killed Terence
  1864 | D:2      | Reached XP level 4. HP: 34/38 MP: 6/6
  1961 | D:2      | You fall into a shaft and drop 1 floor!
  2047 | D:3      | Noticed a shining eye
  2050 | D:3      | Noticed a great orb of eyes
  2050 | D:3      | Noticed Robin
  2929 | D:3      | Noticed a shining eye
  2932 | D:3      | Noticed a floating eye
  3068 | D:3      | Killed Robin
  3167 | D:4      | Noticed a phantom
  3176 | D:4      | Killed a phantom
  3177 | D:4      | Reached skill level 4 in Shields
  3177 | D:4      | Reached XP level 5. HP: 45/45 MP: 7/7
  3832 | D:5      | Entered Level 5 of the Dungeon
  3954 | D:5      | Noticed a steam dragon
  4107 | D:5      | Killed a steam dragon
  4108 | D:5      | Reached XP level 6. HP: 31/52 MP: 8/8
  4595 | D:5      | Noticed Blork the orc
  4605 | D:5      | Killed Blork the orc
  4606 | D:5      | Reached XP level 7. HP: 57/59 MP: 9/9
  4611 | D:5      | Reached skill level 5 in Shields
  4676 | D:5      | Reached skill level 5 in Axes
  5301 | D:6      | Noticed a steam dragon
  5307 | D:6      | Killed a steam dragon
  5308 | D:6      | Reached XP level 8. HP: 67/67 MP: 10/10
  5413 | D:6      | Reached skill level 6 in Shields
  5896 | D:6      | Reached skill level 5 in Armour
  5908 | D:6      | Reached skill level 5 in Fighting
  5991 | D:7      | Noticed a hornet
  5995 | D:7      | Found a staircase to the Ecumenical Temple.
  6007 | D:6      | Killed a hornet
  6070 | D:6      | Reached skill level 7 in Shields
  6101 | D:7      | Reached XP level 9. HP: 71/72 MP: 11/11
  6116 | Temple   | Entered the Ecumenical Temple
  6948 | D:8      | Noticed Maurice
  6954 | D:8      | Killed Maurice
  6997 | D:8      | Noticed Harold
  7006 | D:8      | Killed Harold
  7007 | D:8      | Reached skill level 8 in Shields
  7117 | D:8      | Reached XP level 10. HP: 27/83 MP: 13/13
  7211 | D:8      | Noticed a boulder beetle
  7232 | D:8      | Killed a boulder beetle
  7604 | D:8      | Noticed Psyche
  7616 | D:8      | Paralysed by Psyche for 2 turns
  7618 | D:8      | Killed Psyche
  7619 | D:8      | Reached skill level 9 in Shields
  7788 | D:9      | Noticed a centaur warrior
  7800 | D:9      | Shot with an arrow by a centaur warrior

Illustrated notes

Levels and vault maps discovered:
D:1:      minmay_arrival_four_circles, layout_basic
D:2:      layout_basic, serial_shops, shop, nicolae_diamond_shop, shop,
          uniq_terence
D:3:      layout_loops_ring, kennysheep_slug_shrine,
          hellmonk_ecumenical_altar_watching_god, uniq_robin
D:4:      layout_loops_ring, nrook_loot_triangle, serial_bayou_lake_a
D:5:      cheibrodos_quashed, layout_gridville, minmay_circle_x,
          uniq_blork_the_orc
D:6:      layout_loops_corners, nicolae_tso_besieged_by_evil,
          gammafunk_temple_overflow_pools, mainiacjoe_overflow_six_doors_small
D:7:      layout_basic, minmay_temple_entry_grid, serial_undead,
          serial_undead_a, serial_undead_b, serial_undead_c, serial_undead_c
D:8:      layout_gridville, lemuel_mausoleum_altar_yredelemnul, uniq_maurice,
          uniq_harold, uniq_psyche
D:9:      layout_cave_pods, nicolae_qazlal_scattered_showers,
          chequers_temple_overflow_statue_of_worship,
          onia_ninara_dug_in_and_dangerous
Temple:   hc_temple_tempest_star

Skill      XL: |  1  2  3  4  5  6  7  8  9 10 |
---------------+-------------------------------+-----
Axes           | 2 3 4 5 6 8 |  8.9
Armour         | 3 4 5 6 |  6.7
Shields        | 3 4 5 7 8 9 |  9.1
Fighting       | 3 4 5 6 |  6.6

Action                   |  1- 3 |  4- 6 |  7- 9 | 10-12 || total
-------------------------+-------+-------+-------+-------++-------
Melee: War axe           |   117 |   163 |   341 |   101 ||   722
Evoke: Wand              |     1 |     4 |    14 |    13 ||    32
  Use: Potion            |     1 |       |     2 |       ||     3
       Scroll            |       |     4 |    10 |     1 ||    15
 Stab: Paralysed         |     4 |    10 |    20 |    12 ||    46
       Invisible         |       |       |       |     3 ||     3
Armor: Scale mail        |    45 |    81 |   153 |    39 ||   318
       Skin              |       |       |    20 |       ||    20
Dodge: Dodged            |    38 |    69 |    98 |    30 ||   235
Block: Kite shield       |    64 |   104 |   227 |    61 ||   456
